 Dungeon Crawl Stone Soup version 0.31.0-11-ge490571c62 (webtiles) character file.

Game seed: 6623134134750056461

559 hawla the Magician (level 7, -2/38 HPs)
             Began as a Deep Elf Conjurer on Jan 29, 2024.
             Slain by Menkaure (13 damage)
             ... on level 5 of the Dungeon.
             The game lasted 00:09:54 (4745 turns).

hawla the Magician (Deep Elf Conjurer)              Turns: 4745, Time: 00:09:54

Health: -2/38      AC:  5    Str:  4    XL:     7   Next: 9%
Magic:  1/18       EV: 14    Int: 25    God:
Gold:   362        SH:  0    Dex: 13    Spells: 11/18 levels left

rFire   . . .        e - +1 quarterstaff (flame)
rCold   . . .        (shield currently unavailable)
rNeg    . . .        a - +1 robe
rPois   .            m - +0 helmet
rElec   .            p - +0 cloak
rCorr   .            (no gloves)
SInv    .            (no boots)
Will    .....        (no amulet)
Stlth   ++           (no ring)
HPRegen 0.26/turn    (no ring)
MPRegen 0.16/turn

%: no passive effects
@: weak-willed
A: no striking features
a: no special abilities


You were on level 5 of the Dungeon.
You visited 1 branch of the dungeon, and saw 5 of its levels.

You collected 362 gold pieces.

Inventory:

Hand Weapons
 e - a +1 quarterstaff of flaming (weapon)
Armour
 a - a +1 robe (worn)
 m - a +0 helmet (worn)
 p - a +0 cloak (worn)
Jewellery
 k - a ring of resist corrosion
Wands
 o - a wand of roots (12) (quivered)
Scrolls
 i - 3 scrolls of identify
 n - 2 scrolls of enchant weapon
Potions
 b - 2 potions of magic
 d - 2 potions of cancellation
 g - 4 potions of attraction
 h - a potion of enlightenment
 l - a potion of might {unknown}
 q - a potion of mutation {unknown}


   Skills:
 - Level 1.0 Fighting
 - Level 1.4 Staves
 - Level 6.0 Dodging
 - Level 3.0 Stealth
 - Level 6.0 Spellcasting
 - Level 4.3 Conjurations
 - Level 3.0 Translocations
 + Level 1.7 Evocations


You had 11 spell levels left.
You knew the following spells:

 Your Spells              Type           Power      Damage    Failure   Level
a - Magic Dart            Conj           100%       1d8       1%          1
b - Searing Ray           Conj           58%        2d6       1%          2
c - Iskenderun's Mystic   Conj/Tloc      25%        2d7       16%         4

Your spell library contained the following spells:

 Spells                   Type           Power      Damage    Failure   Level
 Sting                    Conj/Alch      72%        1d7       3%          1
 Call Imp                 Summ           14%        N/A       11%         2
 Sublimation of Blood     Necr           7%         N/A       11%         2
 Fulminant Prism          Conj/Alch      9%         3d6       30%         4
 Summon Hydra             Summ           3%         N/A       100%        7


Dungeon Overview and Level Annotations

Branches:
Dungeon (5/15)
 Temple: D:4-7

Altars:
Ashenzari
Yredelemnul

Annotations:
D:5 Menkaure


Message History

Aim: Menkaure (lightly damaged, fast, weak-willed, 90% to hit)
The searing ray hits Menkaure.
Menkaure is lightly damaged. (Press . to maintain the ray.) Menkaure barely misses you.
The searing ray hits Menkaure.
Menkaure is moderately damaged.
The searing ray hits the kobold demonologist.
The kobold demonologist is heavily wounded.
Menkaure hits you!!
The searing ray misses Menkaure.
The searing ray misses the kobold demonologist.
Menkaure completely misses you.
Unknown command.
Okay, then.
You hit Menkaure. You burn Menkaure.
Menkaure is moderately damaged.
Menkaure completely misses you.
The shadow imp hits you but does no damage.
Menkaure casts a spell at you. Pain shoots through your body!
You hit Menkaure but do no damage.
Menkaure is moderately damaged.
Menkaure closely misses you. The shadow imp barely misses you.
You hit Menkaure. You burn Menkaure.
Menkaure is heavily damaged.
Menkaure misses you.
The shadow imp hits you but does no damage.
Menkaure hits you.
* * * LOW HITPOINT WARNING * * *
You barely miss Menkaure.
Menkaure is heavily damaged.
The shadow imp closely misses you.
The ynoxinul gestures.
Menkaure completely misses you.
The kobold demonologist casts a cantrip, but nothing happens.
You hit Menkaure. You burn Menkaure.
Menkaure is severely damaged.
Menkaure hits you!
You die...

,,,,,,,,...[.....#.#####******,,,
,,,,,,,,.........#......,,,,**,,,
,,,,,,,,,#.......#......,,,,**,,,
,,,,,,,,,#.......#......,,,,**,,,
,,,,,,,,,#..............,,,,**,,,
***,****##....3#.#......,,,,**,,,
,,,,,,,,........K5....###+#,,,,,,
********#####.##M#.##.###.#,#*,,,
####.##@#.##.###.#.#*,,,
####....55##.###.#.#****
#######............#
*******#############..#.###
***,**,,,..)########......#
,*,*,*,,,PP.########.##.#<#
,*,*,*,,,JJ.########......#
,*+*,*___PP.############..# ***
,,,*,*,,,,,,* **#..#****,,


You could see a kobold demonologist (weak-willed), a ynoxinul (summoned),
Menkaure (fast, weak-willed), a crimson imp (summoned) and 2 shadow imps.

Vanquished Creatures
  2 ogres
  A scorpion (D:4)
  2 hounds (D:4)
  Ijyb (D:4)
  An iguana (D:4)
  Terence (D:3)
  Robin (D:3)
  9 adders
  A white imp (D:5)
  3 dart slugs
  A ribbon worm (D:2)
  An orc (D:3)
  6 ball pythons
  2 bats
  7 endoplasms
  7 giant cockroaches
  12 goblins
  11 hobgoblins
  3 jackals (D:1)
  10 kobolds
  A quokka (D:4)
  A frilled lizard (D:2)
  4 rats
88 creatures vanquished.

Notes
Turn   | Place    | Note
-------+----------+-------------------------------------------
     0 | D:1      | hawla the Deep Elf Conjurer began the quest for the Orb.
     0 | D:1      | Reached XP level 1. HP: 10/10 MP: 6/6
   266 | D:1      | Reached XP level 2. HP: 15/15 MP: 7/9
   667 | D:1      | Learned a level 2 spell: Searing Ray
   944 | D:1      | Reached XP level 3. HP: 19/19 MP: 8/11
   946 | D:1      | Reached skill level 5 in Spellcasting
  1470 | D:2      | Found a faded altar of an unknown god.
  1475 | D:2      | Got Plato's Discursus on Pollution
  1521 | D:2      | Reached skill level 1 in Staves
  1910 | D:2      | Reached XP level 4. HP: 24/24 MP: 9/13
  2422 | D:3      | Found a broken altar of Ashenzari.
  2453 | D:3      | Noticed Robin
  2594 | D:3      | Killed Robin
  2734 | D:3      | Reached skill level 1 in Translocations
  2805 | D:3      | Noticed Terence
  2818 | D:3      | Learned a level 4 spell: Iskenderun's Mystic Blast
  2926 | D:3      | Killed Terence
  2927 | D:3      | Reached XP level 5. HP: 28/28 MP: 9/15
  3083 | D:3      | Noticed an ogre
  3091 | D:3      | Killed an ogre
  3743 | D:4      | Reached XP level 6. HP: 6/32 MP: 2/17
  3850 | D:4      | Reached skill level 5 in Dodging
  4002 | D:4      | Noticed Ijyb
  4009 | D:4      | Killed Ijyb
  4283 | D:4      | Found a basalt altar of Yredelemnul.
  4702 | D:5      | Entered Level 5 of the Dungeon
  4715 | D:5      | Noticed a kobold demonologist
  4726 | D:5      | Reached skill level 1 in Fighting
  4726 | D:5      | Reached skill level 1 in Evocations
  4726 | D:5      | Reached XP level 7. HP: 38/38 MP: 8/18
  4730 | D:5      | Noticed Menkaure
  4740 | D:5      | Noticed a ynoxinul
  4745 | D:5      | Slain by Menkaure

Illustrated notes

Levels and vault maps discovered:
D:1:      roderic_octagonal_star, layout_basic
D:2:      layout_basic, shapermc_ecumenical_altar_rom_forum, minmay_diced_spiral
D:3:      layout_loops_ring, evilmike_ruin_ashenzari, serial_co_window_serial,
          co_window_paths_a, co_window_paths_a, co_window_of_opportunity_a,
          co_window_corner_a, co_window_paths_a, co_window_broadway_c,
          co_window_paths_c, co_window_unsneaky_path_a, co_window_paths_d,
          glass_columns_b, glass_columns_a, glass_columns_c, uniq_terence,
          uniq_robin
D:4:      layout_rooms, amcnicky_altar_gilded, serial_forest,
          infiniplex_forest_clump_double, infiniplex_forest_diagonal,
          infiniplex_forest_zigzag_1, infiniplex_forest_clump_double,
          infiniplex_forest_clump_double, infiniplex_forest_lined_2,
          infiniplex_forest_end_3, infiniplex_forest_diagonal,
          infiniplex_forest_end_double, infiniplex_forest_fountain, uniq_ijyb
D:5:      cheibrodos_fertilizer, layout_basic, uniq_menkaure,
          uniq_prince_ribbit1

Skill      XL: |  1  2  3  4  5  6 |
---------------+-------------------+-----
Spellcasting   | 4 5 6 |  6.0
Staves         | 1 |  1.4
Translocations | 2 3 |  3.0
Dodging        | 4 6 |  6.0
Stealth        | 3 |  3.0
Fighting       | 1 |  1.0
Evocations     | 1 |  1.7
Conjurations   | |  4.3

Action                     |  1- 3 |  4- 6 |  7- 9 || total
---------------------------+-------+-------+-------++-------
  Melee: Unarmed           |    14 |       |       ||    14
         Quarterstaff      |       |    61 |     5 ||    66
   Cast: Magic Dart        |    54 |    19 |       ||    73
         Searing Ray       |    14 |    27 |     3 ||    44
         Iskenderun's Myst |       |     6 |       ||     6
    Use: Scroll            |     2 |     4 |     3 ||     9
         Potion            |       |       |     1 ||     1
   Stab: Sleeping          |       |     1 |       ||     1
 Armour: Robe              |    12 |    45 |     6 ||    63
  Dodge: Dodged            |    11 |    62 |    14 ||    87
